 Dungeon Crawl Stone Soup version 0.24-a0-512-g2b48af375b (webtiles) character file.

Game seed: 4469268816934842038

4 Ebbett the Charmwright (level 1, 0/14 HPs)
             Began as a Halfling Skald on July 20, 2019.
             Slain by a ball python (1 damage)
             ... on level 1 of the Dungeon.
             The game lasted 00:01:14 (168 turns).

Ebbett the Charmwright (Halfling Skald)              Turns: 168, Time: 00:01:14

Health: 0/14       AC:  3    Str: 12    XL:     1   Next: 66%
Magic:  3/3        EV: 11    Int: 11    God:
Gold:   5          SH:  0    Dex: 13    Spells: 2/3 levels left

rFire    . . .     SeeInvis .   a - +0 short sword
rCold    . . .     Gourm    .   (shield restricted)
rNeg     . . .     Faith    .   b - +0 leather armour
rPois    .         Spirit   .   (no helmet)
rElec    .         Reflect  .   (no cloak)
rCorr    .         Harm     .   (no gloves)
MR       .....                  (no boots)
Stlth    +.........             (no amulet)
HPRegen  0.04/turn              (no ring)
MPRegen  0.08/turn              (no ring)

@: constricted
A: small, mutation resistance 1
a: no special abilities


You were on level 1 of the Dungeon.
You were not hungry.

You visited 1 branch of the dungeon, and saw 1 of its levels.

You collected 5 gold pieces.

Inventory:

Hand Weapons
 a - a +0 short sword (weapon)
 c - a +0 dagger
 e - a +0 whip
Missiles
 f - 9 stones (quivered)
Armour
 b - a +0 leather armour (worn)
Potions
 g - 2 potions of brilliance {unknown}
Comestibles
 d - a ration


   Skills:
 + Level 1.8 Fighting
 + Level 2.6 Short Blades
 + Level 1.1 Armour
 + Level 2.1 Dodging
 + Level 1.6 Spellcasting
 + Level 3.4 Charms


You had 2 spell levels left.
You knew the following spells:

 Your Spells              Type           Power        Failure   Level  Hunger
a - Infusion              Chrm           #...         10%         1    ##.....

Your spell library contained the following spells:

 Spells                   Type           Power        Failure   Level  Hunger
 Song of Slaying          Chrm           #.......     14%         2    ###....
 Shroud of Golubria       Chrm/Tloc      #.....       28%         2    ###....
 Regeneration             Chrm/Necr      #.........   50%         3    ####...
 Spectral Weapon          Hex/Chrm       #.......     50%         3    ####...


Dungeon Overview and Level Annotations

Branches:
Dungeon (1/15)

Altars:


Innate Abilities, Weirdness & Mutations

You are small and have problems with some larger weapons.
You are somewhat resistant to further mutation.


Message History

The bat closely misses you. The bat completely misses you.
The giant cockroach barely misses you. The giant cockroach closely misses you.
The ball python bites you.
* * * LOW HITPOINT WARNING * * *
The ball python constricts you.
You closely miss the ball python.
The ball python is severely wounded.
The bat hits you but does no damage.
The giant cockroach barely misses you. x2
The ball python barely misses you. The ball python constricts you.
You hit the ball python but do no damage.
The ball python is severely wounded.
The bat closely misses you. The bat hits you but does no damage.
The giant cockroach bites you but does no damage.
The giant cockroach closely misses you. The ball python bites you.
* * * LOW HITPOINT WARNING * * *
The ball python constricts you. The giant cockroach misses you.
You closely miss the bat. The bat hits you.
* * * LOW HITPOINT WARNING * * *
The giant cockroach barely misses you. The ball python barely misses you.
You die...

#####...# #...#
#...# #...# #..†#
#...# #
#######...##.####
.......†s........
.......S@.b......
..?.....s..?.....
#.###.#...#..##.#
# #.#.(.#.## #
#.#...#.. #
#...#..# #.... .#
.....


You could see 2 giant cockroaches, a bat and a ball python.

Vanquished Creatures
  2 goblins (D:1)
  2 rats (D:1)
4 creatures vanquished.

Notes
Turn   | Place    | Note
-------+----------+-------------------------------------------
     0 | D:1      | Ebbett the Halfling Skald began the quest for the Orb.
     0 | D:1      | Reached XP level 1. HP: 14/14 MP: 3/3
   168 | D:1      | Slain by a ball python

Levels and vault maps discovered:
D:1:      lightli_arrival_chessboard, layout_loops_cross

Action                   || total
-------------------------++-------
Melee: Short sword       ||    30
Armor: Leather armour    ||    12
Dodge: Dodged            ||    40

Table legend:
 A = Non-vault XP
 B = Vault XP
 C = Vault XP percentage of total XP
 D = Non-vault monster count
 E = Vault monster count
 F = Vault count percentage of total count
                 A         B        C        D         E       F
            +---------+---------+-------+---------+---------+-------
      Total |       6 |       0 |   0.0 |       4 |       0 |   0.0
            +---------+---------+-------+---------+---------+-------
        D:1 |       6 |       0 |   0.0 |       4 |       0 |   0.0
            +---------+---------+-------+---------+---------+-------
